AoeStats
← LAT_Power_

Arena

509723267Analyzed
3v3 RM · 5d ago on Sep 27, 2026· 48m 43s· 6 players
Game mode
Random Map
Map size
Normal (6 player)
Population
200
Speed
Normal
Resources
Standard
Victory
Conquest
Starting age
Dark Age
Ending age
Imperial Age
RankedLock teamsTeams togetherTeam positionsShared explorationLock speedFull tech treeHidden civsTurbo modeCheats
Victory
Defeat
🇩🇪 Mongols · Germany
1684
+12
🇩🇪 Goths · Germany
1638
+14
🇩🇪 Danes · Germany
1529
+19
🇲🇽 Mongols · Mexico
1696
-19
🇺🇸 Saracens · United States
1572
-14
🇲🇽 Persians · Mexico
1517
-12
LAT_Power_
8:56 Loom
11:05 Feudal Age
15:36 Castle Age
14:00 Double-Bit Axe
21:28 Bow Saw
24:56 Town Watch
27:17 Wheelbarrow
26:55 Horse Collar
28:35 Hand Cart
34:35 Imperial Age
32:20 Gold Mining
32:40 Stone Mining
32:55 Heavy Plow
36:18 Chemistry
35:31 Padded Archer Armor
35:21 Fletching
39:16 Leather Archer Armor
46:33 Ring Archer Armor
MZTK | Evil Xandro
11:02 Feudal Age
11:44 Double-Bit Axe
14:57 Castle Age
12:50 Horse Collar
13:12 Town Watch
15:40 Bow Saw
15:31 Heavy Plow
16:28 Town Patrol
20:26 Wheelbarrow
20:28 Loom
21:46 Hand Cart
25:41 Fletching
28:23 Imperial Age
25:52 Stone Mining
25:54 Gold Mining
27:37 Scale Mail Armor
28:23 Capped Ram
30:08 Chemistry
29:36 Siege Ram
32:05 Elite Skirmisher
33:54 Two-Man Saw
32:49 Pikeman
33:30 Squires
34:02 Conscription
35:01 Ballistics
37:27 Scale Barding Armor
37:33 Forging
38:30 Elite War Elephant
40:05 Chain Barding Armor
MztK | SpAwN
10:07 Feudal Age
11:31 Horse Collar
15:44 Castle Age
13:57 Double-Bit Axe
16:47 Bow Saw
18:25 Ballistics
18:36 Fletching
20:25 Loom
20:51 Bodkin Arrow
35:08 Imperial Age
33:50 Wheelbarrow
36:51 Hand Cart
37:25 Drill
36:58 Gold Mining
38:06 Onager
39:56 Siege Onager
41:29 Gold Shaft Mining
40:58 Heavy Scorpion
43:54 Chemistry
43:11 Siege Engineers
45:45 Chemistry
Kuchen
10:28 Feudal Age
14:29 Castle Age
12:46 Double-Bit Axe
13:08 Horse Collar
14:05 Scale Mail Armor
16:32 Heavy Plow
19:54 Bow Saw
21:27 Wheelbarrow
23:19 Stone Mining
23:25 Gold Mining
25:20 Forging
25:19 Loom
27:20 Iron Casting
27:00 Chain Mail Armor
26:47 Squires
28:16 Anarchy
29:19 Hand Cart
36:54 Imperial Age
35:30 Pikeman
37:43 Perfusion
38:04 Conscription
37:07 Elite Huskarl
38:08 Conscription
38:49 Blast Furnace
37:42 Capped Ram
38:41 Masonry
38:11 Treadmill Crane
38:43 Halberdier
40:26 Guilds
40:17 Caravan
40:49 Coinage
42:42 Town Watch
45:18 Architecture
45:27 Ballistics
46:07 Chemistry
45:04 Murder Holes
ENTON
9:52 Feudal Age
13:45 Castle Age
13:46 Double-Bit Axe
17:45 Wheelbarrow
19:37 Town Watch
21:47 Bow Saw
21:28 Horse Collar
23:28 Hand Cart
24:14 Heavy Plow
27:49 Stone Mining
27:49 Gold Mining
31:22 Imperial Age
28:44 Loom
28:57 Fletching
29:30 Padded Archer Armor
29:38 Bodkin Arrow
30:54 Scale Barding Armor
31:26 Leather Archer Armor
31:24 Bloodlines
31:14 Husbandry
31:57 Chain Barding Armor
32:21 Ballistics
32:31 Bracer
31:59 Light Cavalry
34:05 Chemistry
34:39 Forging
35:16 Stone Shaft Mining
35:16 Gold Shaft Mining
34:12 Elite Mangudai
36:01 Iron Casting
35:35 Nomads
36:40 Fortified Wall
36:41 Masonry
37:07 Hoardings
36:53 Conscription
37:17 Thumb Ring
38:25 Blast Furnace
36:54 Hussar
38:43 Siege Engineers
39:29 Murder Holes
40:45 Coinage
40:39 Capped Ram
41:52 Siege Ram
42:58 Drill
45:48 Banking
Waaalter
10:29 Feudal Age
14:17 Castle Age
12:54 Double-Bit Axe
13:48 Horse Collar
17:15 Loom
19:55 Bow Saw
25:53 Padded Archer Armor
26:36 Elite Skirmisher
32:53 Fletching
33:41 Wheelbarrow
32:52 Town Watch
33:51 Bodkin Arrow
35:17 Hand Cart
35:36 Heavy Plow
35:26 Gold Mining
35:53 Leather Archer Armor
36:01 Ballistics
35:54 Masonry
36:53 Town Patrol
37:30 Gold Shaft Mining
36:46 Stone Mining
40:37 Coinage
42:59 Imperial Age
40:54 Scale Mail Armor
41:05 Forging
40:42 Gambesons
40:58 Squires
40:43 Arson
42:11 Chain Mail Armor
43:18 Stone Shaft Mining
43:40 Iron Casting
44:18 Plate Mail Armor
44:18 Conscription
43:21 Capped Ram
44:20 Siege Ram
47:06 Banking
47:23 Hamask
49:05 Blast Furnace
47:41 Elite Varangian Guard
49:08 Siege Engineers
Connection lost

Rejoining the realm…

Still unreachable

The connection could not be restored.

Session expired

The server has moved on; the page needs a fresh start.